 Dungeon Crawl Stone Soup version 0.19-a0-1170-g18f0c96 (webtiles) character file.

431 esc the Slasher (level 6, -5/53 HPs)
             Began as a Minotaur Gladiator on Aug 16, 2016.
             Was a Believer of Makhleb.
             Killed from afar by an electric eel (7 damage)
             ... with a bolt of electricity
             ... on level 6 of the Dungeon.
             The game lasted 00:07:21 (2032 turns).

esc the Slasher (Minotaur Gladiator)                Turns: 2032, Time: 00:07:22

Health: -5/53      AC:  7    Str: 20    XL:     6   Next: 66%
Magic:  5/5        EV: 14    Int:  5    God:    Makhleb [**....]
Gold:   138        SH:  0    Dex: 12    Spells: 0 memorised, 5 levels left

rFire  + . .     SeeInvis .     a - +0 long sword
rCold  . . .     Gourm    .     n - +1 leather armour {rF+}
rNeg   . . .     Faith    .     (no shield)
rPois  .         Spirit   .     c - +1 hat
rElec  .         Dismiss  .     (no cloak)
rCorr  .         Reflect  .     t - +1 pair of gloves
MR     .....     Harm     .     (no boots)
Stlth  +.........               (no amulet)
                                (no ring)
                                (no ring)

@: hasted, very quick
A: retaliatory headbutt, horns 2
a: Minor Destruction, Renounce Religion


You were on level 6 of the Dungeon.
You worshipped Makhleb.
Makhleb was pleased with you.
You were not hungry.

You visited 1 branch of the dungeon, and saw 5 of its levels.

You collected 138 gold pieces.

Inventory:

Hand Weapons
 a - a +0 long sword (weapon)
Missiles
 d - 3 throwing nets {=f, !d}
 m - 32 stones (quivered)
Armour
 b - a +0 leather armour
 c - a +1 hat (worn)
 k - a +0 ring mail
   (You found it on level 2 of the Dungeon)
 n - a +1 leather armour of fire resistance (worn)
   (You took it off Ijyb on level 3 of the Dungeon)
 t - a +1 pair of gloves (worn)
   (You found it on level 4 of the Dungeon)
Wands
 s - a wand of polymorph (0/24)
   (You took it off Natasha on level 3 of the Dungeon)
Scrolls
 i - 2 scrolls of enchant armour
Potions
 e - a potion of berserk rage {!q}
 j - a potion of curing
 q - a potion of lignification {!q}
Comestibles
 f - 4 bread rations {@e1}
 h - 8 chunks of flesh {@w0}
 l - a meat ration {@e2}


   Skills:
 + Level 4.7 Fighting
 + Level 5.8 Long Blades
 - Level 2.0 Throwing
 + Level 3.7 Armour
 + Level 4.8 Dodging


You had 5 spell levels left.
You didn't know any spells.

Dungeon Overview and Level Annotations

Branches:
Dungeon (4/15)
 Temple: D:4-7

Altars:
Elyvilon
Makhleb


Innate Abilities, Weirdness & Mutations

You reflexively headbutt those who attack you in melee.
You have a pair of horns on your head.


Message History

A giant gecko comes into view.
The giant gecko hisses angrily.
A jelly comes into view.
You barely miss the giant gecko. The giant gecko misses you.
You furiously retaliate!
You headbutt the giant gecko!
You kill the giant gecko!
Makhleb accepts your kill.
You slash the jelly!
Your hands burn!
You headbutt the jelly.
You kill the jelly!
Makhleb accepts your kill.
You take 4 damage, and have 49/53 hp.
You see here a smoky pink potion.
g - a smoky pink potion The gnoll misses you.
Found a white marble altar of Elyvilon.
You hit the gnoll. The gnoll closely misses you.
You riposte.
You slash the gnoll! You headbutt the gnoll.
You kill the gnoll!
Makhleb accepts your kill.
You feel better.
Health restored: 53 You hit the gnoll.
The gnoll hits you with a whip.
You take 1 damage, and have 52/53 hp.
You hit the gnoll. The gnoll hits you but does no damage.
The gnoll barely misses you. You furiously retaliate!
You headbutt the gnoll.
Health restored: 53 You barely miss the gnoll.
You headbutt the gnoll.
You kill the gnoll!
Makhleb accepts your kill. The gnoll hits you but does no damage.
You completely miss the gnoll. The gnoll hits you with a club.
You take 3 damage, and have 50/53 hp.
You barely miss the gnoll. The gnoll barely misses you.
You hit the gnoll. The gnoll barely misses you.
You riposte.
You slash the gnoll!
You kill the gnoll!
Makhleb accepts your kill.
No target in view!
Things that are here:
a club; a gnoll corpse You butcher the gnoll corpse.
h - 4 chunks of flesh {@w0} You see here a club.
Things that are here:
a whip; a halberd; a gnoll corpse You butcher the gnoll corpse.
h - 8 chunks of flesh {@w0} (gained 4)
Things that are here:
a whip; a halberd; a gnoll skeleton There isn't anything to butcher here.
Wear which item? (? for menu, Esc to quit)
You start putting on your armour.
You continue putting on your pair of runed gloves. x4
You finish putting on your +1 pair of gloves.
You open the door.
There is an open door here.
You now have 138 gold pieces (gained 11).
You enter the shallow water.
Moving in this stuff is going to be slow.
An electric eel comes into view.
The electric eel shoots out a bolt of lightning at you!
The bolt of electricity hits you!
You take 11 damage, and have 41/53 hp.
MASSIVE DAMAGE!!
The electric eel shoots out a bolt of lightning at you!
The bolt of electricity hits you!
You take 8 damage, and have 33/53 hp.
You start resting.
You start resting.
You hit the electric eel. You barely miss the electric eel.
Your headbutt misses the electric eel.
The electric eel shoots out a bolt of lightning at you!
The bolt of electricity hits you! x2
The bolt of electricity hits the electric eel.
The electric eel completely resists.
The bolt of electricity hits the plant.
You take 19 damage, and have 19/53 hp.
MASSIVE DAMAGE!!
You closely miss the electric eel. You slash the electric eel!
Your headbutt misses the electric eel.
The electric eel shoots out a bolt of lightning at you!
The bolt of electricity misses you. The bolt of electricity hits you!
* * * LOW HITPOINT WARNING * * *
The bolt of electricity hits the electric eel.
The electric eel completely resists.
The bolt of electricity hits the plant.
You take 8 damage, and have 11/53 hp.
You miss the electric eel. You closely miss the electric eel.
You barely miss the electric eel. You barely miss the electric eel.
The electric eel shoots out a bolt of lightning at you!
The bolt of electricity misses you. The bolt of electricity hits you!
* * * LOW HITPOINT WARNING * * *
The bolt of electricity hits the electric eel.
The electric eel completely resists.
The bolt of electricity hits the plant.
You take 10 damage, and have 2/53 hp.
Okay, then.
It was a potion of haste.
You feel yourself speed up.
The electric eel shoots out a bolt of lightning at you!
The bolt of electricity misses you. The bolt of electricity hits you!
You die...

≈≈≈≈≈≈≈≈≈♣♣
≈≈≈≈≈≈≈≈P≈♣
≈≈≈≈≈≈≈≈P♣♣## ..
≈≈≈≈≈≈≈≈♣♣≈.# .
≈≈≈≈≈≈≈≈≈P≈.#
≈≈≈≈≈≈≈P≈≈≈.#
≈≈≈≈≈≈P♣P♣≈.#
≈≈≈≈≈≈P≈≈;♣.#
.≈♣PP≈≈≈≈≈≈≈≈≈♣@.#
#..≈≈
≈P≈≈≈P≈P≈♣..#
#..≈♣
≈♣≈≈≈≈♣≈P♣.##
...P♣≈♣≈P≈≈≈≈P♣P.#
...♣≈≈≈≈P≈≈≈≈♣♣..#
...#≈♣≈≈♣≈≈≈≈ ♣..#
....♣P≈≈≈≈≈≈♣♣♣.##
.....♣≈≈≈≈PP♣...#
#.##...♣≈≈♣≈..#.#


You could see an electric eel.

Vanquished Creatures
  A swamp drake (D:6)
  A jelly (D:6)
  Ijyb (D:3)
  Natasha (thrice) (D:3)
  A hound zombie (D:6)
  Robin (D:3)
  6 adders
  3 gnolls (D:6)
  An ooze (D:2)
  3 worms
  A dart slug (D:3)
  5 giant geckos
  2 orcs
  A ball python (D:1)
  4 giant cockroaches
  16 goblins
  7 hobgoblins
  4 jackals (D:3)
  7 kobolds
  7 bats
  A giant newt (D:2)
  4 rats
80 creatures vanquished.

Vanquished Creatures (others)
  2 plants (D:6)
2 creatures vanquished.

Grand Total: 82 creatures vanquished

Notes
Turn   | Place    | Note
-------+----------+-------------------------------------------
     0 | D:1      | esc the Minotaur Gladiator began the quest for the Orb.
     0 | D:1      | Reached XP level 1. HP: 18/18 MP: 0/0
   185 | D:1      | Reached XP level 2. HP: 25/25 MP: 1/1
   280 | D:2      | Reached skill level 4 in Long Blades
   292 | D:2      | Reached skill level 1 in Armour
   317 | D:2      | Reached skill level 3 in Fighting
   482 | D:2      | Found a burning altar of Makhleb.
   506 | D:2      | Reached XP level 3. HP: 28/31 MP: 2/2
   538 | D:2      | Became a worshipper of Makhleb the Destroyer
   651 | D:2      | Reached skill level 2 in Armour
   902 | D:3      | Noticed Natasha
   908 | D:3      | Killed Natasha
   908 | D:3      | Reached XP level 4. HP: 38/38 MP: 3/3
   951 | D:3      | Noticed Natasha
   962 | D:3      | Killed Natasha
   983 | D:3      | Noticed Ijyb
   996 | D:3      | Killed Ijyb
   996 | D:3      | Reached skill level 4 in Dodging
   996 | D:3      | Reached XP level 5. HP: 22/46 MP: 4/4
  1189 | D:3      | Reached skill level 3 in Armour
  1230 | D:3      | Reached skill level 4 in Fighting
  1255 | D:3      | Reached skill level 5 in Long Blades
  1256 | D:3      | Reached * piety under Makhleb
  1357 | D:3      | Noticed Natasha
  1366 | D:3      | Noticed Robin
  1372 | D:3      | Killed Natasha
  1374 | D:3      | Killed Robin
  1461 | D:3      | Reached ** piety under Makhleb
  1670 | D:4      | You fall through a shaft for 2 floors!
  1677 | D:6      | HP: 11/46 [electric eel/bolt of electricity (10)]
  1679 | D:6      | HP: 4/69 [electric eel/bolt of electricity (6)]
  1684 | D:6      | Noticed a swamp drake
  1684 | D:6      | an electric eel changed into a swamp drake
  1689 | D:6      | Killed a swamp drake
  1689 | D:6      | Reached XP level 6. HP: 16/53 MP: 5/5
  1937 | D:6      | Found a white marble altar of Elyvilon.
  2027 | D:6      | HP: 11/53 [electric eel/bolt of electricity (8)]
  2031 | D:6      | HP: 2/53 [electric eel/bolt of electricity (10)]
  2032 | D:6      | Killed from afar by an electric eel

Vault maps used:
D:1:      ncdulo_halloftheorcs
D:2:      old_standard_altar, first_bread
D:3:      uniq_natasha, uniq_iyjb, uniq_robin
D:4:      kennysheep_little_box, gammafunk_temple_overflow_statue
D:6:      lemuel_doored_altar, serial_bayou, serial_bayou_shore_a,
          serial_bayou_crossing, serial_bayou_pond_a, serial_bayou_lake_a,
          serial_bayou_lagoon_a, serial_bayou_lagoon_b

Skill      XL: |  1  2  3  4  5 |
---------------+----------------+-----
Long Blades    | 4 5 |  5.8
Armour         | 1 2 3 |  3.7
Fighting       | 3 4 |  4.7
Dodging        | 4 |  4.8
Throwing       | |  2.0

Action                   |  1- 3 |  4- 6 || total
-------------------------+-------+-------++-------
Melee: Long sword        |    82 |   136 ||   218
       Headbutt          |     7 |    19 ||    26
Evoke: Wand              |       |     3 ||     3
  Use: Scroll            |     5 |     1 ||     6
       Potion            |       |     5 ||     5
  Eat: Chunk             |       |     3 ||     3
       Beef jerky        |       |     1 ||     1
Armor: Leather armour    |     6 |     9 ||    15
       Ring mail         |     9 |    18 ||    27
       Skin              |     2 |    41 ||    43
Dodge: Dodged            |    43 |    89 ||   132

Vault maps used:
D:1:      ncdulo_halloftheorcs
D:2:      old_standard_altar, first_bread
D:3:      uniq_natasha, uniq_iyjb, uniq_robin
D:4:      kennysheep_little_box, gammafunk_temple_overflow_statue
D:6:      lemuel_doored_altar, serial_bayou, serial_bayou_shore_a,
          serial_bayou_crossing, serial_bayou_pond_a, serial_bayou_lake_a,
          serial_bayou_lagoon_a, serial_bayou_lagoon_b

Table legend:
 A = Turns spent in this place as a percentage of turns spent in the entire game.
 B = Non-inter-level travel turns spent in this place as a percentage of non-inter-level travel turns spent in the entire game.
 C = Inter-level travel turns spent in this place as a percentage of turns spent in this place.
 D = Turns resting spent in this place as a percentage of non-inter-level travel turns spent in this place.
 E = Turns spent auto-exploring this place as a percentage of non-inter-level travel turns spent in this place.
 F = Non-inter-level travel turns spent in this place divided by the number of levels of this place that you've seen.
                   A       B       C       D       E      F
               +-------+-------+-------+-------+-------+----------------------
         Total | 100.0 | 100.0 |   0.3 |   3.1 |   7.5 | 144.0
       Dungeon | 100.0 | 100.0 |   0.3 |   3.1 |   7.5 | 144.0
               +-------+-------+-------+-------+-------+----------------------

Table legend:
 A = Kills in this place as a percentage of kills in entire the game.
 B = Kills by you in this place as a percentage of kills by you in the entire game.
 C = Kills by friends in this place as a percentage of kills by friends in the entire game.
 D = Other kills in this place as a percentage of other kills in the entire game.
 E = Experience gained in this place as a percentage of experience gained in the entire game.
 F = Experience gained in this place divided by the number of levels of this place that you have seen.
                   A       B       C       D       E      F
               +-------+-------+-------+-------+-------+----------------------
         Total | 100.0 | 100.0 |  -nan |  -nan | 100.0 | 123.2
       Dungeon | 100.0 | 100.0 |  -nan |  -nan | 100.0 | 123.2
               +-------+-------+-------+-------+-------+----------------------
